[Event "*** Titled Tuesday Blitz"]
[Site "Chess.com"]
[Date "2021.04.06"]
[Round "4"]
[White "KhamzinOlzhas"]
[Black "Schack-Hugo"]
[Result "1-0"]
[WhiteElo "2482"]
[BlackElo "2192"]
[TimeControl "180+1"]
[EndTime "10:38:31 PDT"]
[Termination "KhamzinOlzhas won by checkmate"]

1. c4 c5 2. Nc3 Nc6 3. Nf3 g6 4. e3 Bg7 5. d4 cxd4 6. exd4 d6 7. d5 Ne5 8. Nxe5 Bxe5 9. Be2 Bg7 10. h4 h5 11. O-O Nf6 12. Bg5 Bg4 13. f3 Bf5 14. Qd2 Rc8 15. Rfe1 Nd7 16. Bf1 f6 17. Be3 Ne5 18. b3 a6 19. a4 Qd7 20. a5 g5 21.
Na4 gxh4 22. Nb6 Qd8 23. Nxc8 Qxc8 24. f4 Ng4 25. Bd4 Bh6 26. b4 Rg8 27. c5 h3 28. cxd6 hxg2 29. Rxe7+ Kd8 30. Bb6+ Qc7 31. Bxc7+ Kc8 32. Bxg2 h4 33. Kh1 h3 34. Bf3 Be4 35. Rxe4 f5 36. Bxg4 fxg4 37. Re8+ Rxe8 38. Re1 Rg8 39. Qe2 g3 40. Qe6# 1-0

[Event "*** Titled Tuesday Blitz"]
[Site "Chess.com"]
[Date "2021.04.06"]
[Round "4"]
[White "NiranjanNavalgund"]
[Black "KaterynaLagno"]
[Result "0-1"]
[WhiteElo "2504"]
[BlackElo "2673"]
[TimeControl "180+1"]
[EndTime "10:38:32 PDT"]
[Termination "KaterynaLagno won by checkmate"]

1. e4 e5 2. Nf3 Nc6 3. Nc3 Nf6 4. Nxe5 Nxe5 5. d4 Ng6 6. e5 Ng8 7. Bc4 d6 8. Qf3 Be6 9. Bxe6 fxe6 10. Qxb7 dxe5 11.
dxe5 Rb8 12. Qxa7 Nxe5 13. O-O Nf6 14. Rd1 Bd6 15. Bf4 Nf7 16. Bxd6 cxd6 17. Re1 e5 18. a4 O-O 19. Nb5 Qc8 20. c3 Qc4 21. Qe3 Qb3 22. Qd2 d5 23. Ra3 Qc4 24. b3 Qc6 25. h3 h6 26. Rc1 Ng5 27. Qe3 Rbe8 28. c4 d4 29. Qd3 Nh5 30. c5 Nf4 31. Qc4+ Kh8 32. Qf1 d3 33. Kh2 Ne2 34. Rc4 e4 35. Nd6 e3 36. Nxe8 Rxf2 37. Qa1 Qxg2# 0-1

[Event "*** Titled Tuesday Blitz"]
[Site "Chess.com"]
[Date "2021.04.06"]
[Round "4"]
[White "KIEV-1"]
[Black "Ural_bogatyr"]
[Result "0-1"]
[WhiteElo "2270"]
[BlackElo "2467"]
[TimeControl "180+1"]
[EndTime "10:38:32 PDT"]
[Termination "Ural_bogatyr won by resignation"]

1. e4 e5 2. Nf3 Nc6 3. Bc4 Nf6 4. d3 h6 5. Nc3 d6 6. h3 g5 7. Be3 Bg7 8. d4 g4 9. hxg4 Bxg4 10. d5 Ne7 11.
Bb5+ c6 12. dxc6 bxc6 13. Ba4 h5 14. Qd3 O-O 15. Nh4 d5 16. f3 Be6 17. Bc5 d4 18. Ne2 Ng6 19. Nxg6 fxg6 20. Bxf8 Bxf8 21. Bb3 Bxb3 22.
axb3 Bh6 23. f4 Ng4 24. fxe5 Nxe5 25. Qxd4 Qg5 26. Rxa7 Rd8 27. Qc3 Qd2+ 28. Qxd2 Bxd2+ 29. Kf1 Rf8+ 30. Kg1 Be3+ 31. Kh2 Ng4+ 32. Kg3 Bf2+ 33.
Kh3 Bxa7 34. Ng3 Nf2+ 0-1

[Event "*** Titled Tuesday Blitz"]
[Site "Chess.com"]
[Date "2021.04.06"]
[Round "4"]
[White "Treacherous_horse64"]
[Black "Ginger_GM"]
[Result "1-0"]
[WhiteElo "2421"]
[BlackElo "2549"]
[TimeControl "180+1"]
[EndTime "10:38:33 PDT"]
[Termination "Treacherous_horse64 won on time"]

1. d4 e6 2. e4 b6 3. Nd2 Bb7 4. c3 Nh6 5. Bd3 f5 6. Qe2 Be7 7. Ngf3 O-O 8. O-O c5 9. Re1 cxd4 10. cxd4 Nc6 11. a3 fxe4 12. Nxe4 Nf5 13. Ng3 Ncxd4 14. Nxd4 Nxd4 15. Qh5 Nf5 16. Nxf5 exf5 17. Bxf5 g6 18. Bxg6 hxg6 19. Qxg6+ Kh8 20. Re5 Bf3 21. gxf3 Bg5 22. Rxg5 1-0

[Event "*** Titled Tuesday Blitz"]
[Site "Chess.com"]
[Date "2021.04.06"]
[Round "4"]
[White "AwareIdea"]
[Black "Kapibara_Warri0r"]
[Result "1-0"]
[WhiteElo "2445"]
[BlackElo "2242"]
[TimeControl "180+1"]
[EndTime "10:38:35 PDT"]
[Termination "AwareIdea won by resignation"]

1. c4 e5 2. g3 Nf6 3. Bg2 d5 4.
cxd5 Nxd5 5. Nc3 Nb6 6. Nf3 Nc6 7. O-O Be7 8. d3 O-O 9. a3 Re8 10. b4 Bf8 11. Bb2 Bg4 12. Rc1 a6 13. Na4 Nxa4 14. Qxa4 Rb8 15. b5 Bxf3 16. Bxf3 axb5 17. Qxb5 Nd4 18.
Bxd4 exd4 19. a4 c6 20. Qb3 Bd6 21. Rc4 Qf6 22. Rfc1 g6 23. Kg2 h5 24. h4 Re7 25.
a5 Rbe8 26. R1c2 Qe5 27. Ra4 Ra8 28. a6 Rxa6 29. Rxa6 bxa6 30. Rxc6 Kg7 31. Rxa6 Qc5 32. Rc6 Qb4 33. Qd5 Be5 34. Rc8 Bf6 35. Qd8 1-0

[Event "*** Titled Tuesday Blitz"]
[Site "Chess.com"]
[Date "2021.04.06"]
[Round "4"]
[White "jraosam"]
[Black "Michaelson_11"]
[Result "1-0"]
[WhiteElo "1871"]
[BlackElo "2216"]
[TimeControl "180+1"]
[EndTime "10:38:36 PDT"]
[Termination "jraosam won on time"]

1. c4 Nf6 2. Nc3 c5 3. e3 Nc6 4. d4 cxd4 5. exd4 d5 6. cxd5 Nxd5 7. Nf3 g6 8. Bc4 Be6 9. Qb3 Na5 10. Qb5+ Bd7 11.
Qxd5 e6 12. Bg5 exd5 13. Bxd8 Nxc4 14. Bf6 Rg8 15. Nxd5 Bd6 16. O-O Be6 17. Rfe1 Kd7 18. Nc3 Nxb2 19. Rab1 Rgc8 20. d5 Bf5 21. Rxb2 b6 22. Nb5 Rc4 23. Nxd6 Kxd6 24. Be5+ Kxd5 25. Rd1+ Ke6 26. Re2 f6 27. Nd4+ 1-0

[Event "*** Titled Tuesday Blitz"]
[Site "Chess.com"]
[Date "2021.04.06"]
[Round "4"]
[White "FairChess_on_YouTube"]
[Black "MrTattaglia"]
[Result "1-0"]
[WhiteElo "3010"]
[BlackElo "2799"]
[TimeControl "180+1"]
[EndTime "10:38:38 PDT"]
[Termination "FairChess_on_YouTube won by resignation"]

1. e4 e5 2. Nf3 Nc6 3. Bb5 a6 4. Ba4 Nf6 5. O-O Be7 6. Bxc6 dxc6 7. d3 Nd7 8. Nbd2 O-O 9. Nc4 f6 10. Nh4 Nc5 11. b3 Ne6 12. Nf5 Nd4 13. Nxe7+ Qxe7 14. c3 Ne6 15. Ba3 c5 16. d4 exd4 17. cxd4 Rd8 18.
d5 b6 19. Re1 Bb7 20. Bb2 Ng5 21. Qg4 Qd7 22. Qh4 a5 23. Rad1 b5 24. Ne3 c6 25. e5 cxd5 26. exf6 Nf7 27. Ng4 d4 28.
fxg7 Ra6 29. Nf6+ Rxf6 30. Qxf6 Qg4 31. f3 Qxg7 32. Qxg7+ Kxg7 33. Rc1 Rd5 34. Rxc5 1-0

[Event "*** Titled Tuesday Blitz"]
[Site "Chess.com"]
[Date "2021.04.06"]
[Round "4"]
[White "guillembaches"]
[Black "Kretov_Evgenij"]
[Result "1-0"]
[WhiteElo "2499"]
[BlackElo "2604"]
[TimeControl "180+1"]
[EndTime "10:38:40 PDT"]
[Termination "guillembaches won by checkmate"]

1. e4 c5 2. Nf3 Nc6 3. d4 cxd4 4.
Nxd4 g6 5. c4 Nf6 6. Nc3 d6 7.
Nc2 Bg7 8. Be2 O-O 9. O-O Nd7 10.
Bd2 Nc5 11. b4 Bxc3 12. Bxc3 Nxe4 13. Bb2 Be6 14. b5 Ne5 15. Ne3 Rc8 16. f4 Nd7 17. f5 gxf5 18. Nxf5 f6 19. Rf4 Bxf5 20. Rxf5 Kh8 21.
Bd3 Qb6+ 22. Kh1 Qe3 23. Rf3 Qd2 24. Bxe4 Qxb2 25. Bxh7 Kxh7 26. Rh3+ Kg7 27. Qg4+ Kf7 28. Qh5+ Ke6 29. Qd5# 1-0

[Event "*** Titled Tuesday Blitz"]
[Site "Chess.com"]
[Date "2021.04.06"]
[Round "4"]
[White "Chandradi"]
[Black "Carolina-moon"]
[Result "1-0"]
[WhiteElo "2386"]
[BlackElo "2119"]
[TimeControl "180+1"]
[EndTime "10:38:40 PDT"]
[Termination "Chandradi won on time"]

1. c4 f5 2. g3 Nf6 3. Bg2 g6 4. Nc3 Bg7 5. Nf3 O-O 6. d4 d6 7. O-O c6 8. Bg5 Qe8 9. Bxf6 Bxf6 10. e4 e5 11. dxe5 dxe5 12. exf5 Bxf5 13. Qe2 Nd7 14.
Rfe1 Qf7 15. h3 Rae8 16. Nd2 Nc5 17. Nde4 Nxe4 18. Nxe4 Bxe4 19. Qxe4 Bg7 20. Re2 Rd8 21. Rc1 Rd4 22. Qc2 Rfd8 23. b3 Bh6 24. Rce1 Rd2 25. Qe4 Bg7 26. Kh2 Rxe2 27. Rxe2 Rd4 28. Qe3 h5 29. h4 Kh7 30. Bh3 Qf6 31. Bg2 a5 32. a4 Qf5 33. Be4 Qg4 34. Bc2 Qe6 35. Qg5 Qf7 36.
Qxh5+ Bh6 37. Qxe5 Rd2 38. Rxd2 Bxd2 39. Qe2 1-0

[Event "*** Titled Tuesday Blitz"]
[Site "Chess.com"]
[Date "2021.04.06"]
[Round "4"]
[White "davidkalashian"]
[Black "seorobert1971"]
[Result "1/2-1/2"]
[WhiteElo "2548"]
[BlackElo "2759"]
[TimeControl "180+1"]
[EndTime "10:38:42 PDT"]
[Termination "Game drawn by repetition"]

1. e4 e5 2. Nf3 d6 3. Nc3 Nf6 4. d4 Nbd7 5. Bc4 Be7 6. O-O O-O 7.
Re1 c6 8. a4 a5 9. h3 Qc7 10.
Be3 b6 11. dxe5 dxe5 12. Nh4 Nc5 13. Nf5 Bxf5 14. exf5 Rad8 15. Qe2 Nd5 16. Bxc5 Bxc5 17. Bxd5 cxd5 18. Qxe5 Qc6 19. Nb5 d4 20. Rad1 Bb4 21.
c3 dxc3 22. bxc3 Bc5 23. Qc7 Rxd1 24. Rxd1 Qf6 25. Qf4 h6 26. g3 Re8 27. Qf3 Re5 28. Rd5 Rxd5 29. Qxd5 Qg5 30. Kg2 Qf6 31. Nd4 Kh7 32.
h4 Kg8 33. Qe4 Kh7 34. h5 Kg8 35. Qe8+ Kh7 36. Qe4 Kg8 37. Qe8+ Kh7 38. Qe4 1/2-1/2

[Event "*** Titled Tuesday Blitz"]
[Site "Chess.com"]
[Date "2021.04.06"]
[Round "4"]
[White "beto-betun"]
[Black "ApacheSVD"]
[Result "1/2-1/2"]
[WhiteElo "2226"]
[BlackElo "2424"]
[TimeControl "180+1"]
[EndTime "10:38:42 PDT"]
[Termination "Game drawn by agreement"]

1. d4 Nf6 2. Nf3 c5 3. g3 cxd4 4. Nxd4 Nc6 5. Bg2 g6 6. O-O Bg7 7. c4 O-O 8. Nc3 a6 9. e4 d6 10. h3 Bd7 11. Be3 Rc8 12. b3 Qa5 13. Rc1 Nxd4 14.
Bxd4 Bc6 15. Re1 b5 16. cxb5 Bxb5 17. Qd2 Nd7 18. Bxg7 Kxg7 19. Red1 Nc5 20. Nd5 Qxd2 21. Rxd2 Rfe8 22. Rdc2 Rb8 23. Nc7 Red8 24. Nxb5 Rxb5 25.
Bf1 Rb4 26. Rc4 Rdb8 27. Rxb4 Rxb4 28. Rc4 Rxc4 29. Bxc4 a5 30. f3 f5 31. exf5 gxf5 32.
Kf2 Kf6 33. Ke3 Ke5 34. f4+ Kf6 35. a3 e5 36. b4 axb4 37. axb4 Nd7 38. b5 Nb6 39.
Bg8 h6 40. g4 fxg4 41. hxg4 exf4+ 42. Kxf4 Nd7 1/2-1/2

[Event "*** Titled Tuesday Blitz"]
[Site "Chess.com"]
[Date "2021.04.06"]
[Round "4"]
[White "GMHess"]
[Black "VladimirBugayev"]
[Result "1-0"]
[WhiteElo "2755"]
[BlackElo "2267"]
[TimeControl "180+1"]
[EndTime "10:38:44 PDT"]
[Termination "GMHess won by resignation"]

1. b3 d5 2. Bb2 Bf5 3. d3 e6 4. Nd2 Nf6 5. h3 a5 6. a4 Bb4 7. g4 Bg6 8. Bg2 Nbd7 9. Nf3 Qe7 10. Nh4 c6 11. e3 e5 12. Qe2 O-O-O 13. O-O Ne8 14.
Nxg6 hxg6 15. c4 Nc7 16. Rfc1 Kb8 17. cxd5 Nxd5 18. Nc4 f5 19. Rc2 Nc5 20. Nxe5 Nxb3 21. Rb1 Bd6 22. Nxg6 Qe6 23. gxf5 Qxf5 24. Nxh8 Rxh8 25.
e4 Qe6 26. exd5 Qg6 27. Qe4 Qxe4 28. dxe4 Nc5 29. Ba3 Nxe4 30. Bxd6+ Nxd6 31. dxc6 b5 32. c7+ Ka7 33. axb5 Kb6 34. Rc6+ 1-0

[Event "*** Titled Tuesday Blitz"]
[Site "Chess.com"]
[Date "2021.04.06"]
[Round "4"]
[White "Eliwood44"]
[Black "GM_Crest"]
[Result "0-1"]
[WhiteElo "2512"]
[BlackElo "2697"]
[TimeControl "180+1"]
[EndTime "10:38:45 PDT"]
[Termination "GM_Crest won by resignation"]

1. d4 d5 2. Nf3 e6 3. c4 c5 4. cxd5 exd5 5. g3 Nc6 6. Bg2 Nf6 7. O-O Be7 8. dxc5 Bxc5 9. a3 a5 10. Nc3 O-O 11. Bg5 d4 12. Bxf6 Qxf6 13. Ne4 Qf5 14. Nxc5 Qxc5 15. Rc1 Qb6 16. Qd2 Bf5 17. Rfd1 Rad8 18.
h4 Rfe8 19. h5 h6 20. Rc4 Bg4 21. Rdc1 Bxh5 22. Rc5 Bg6 23. Nh4 Be4 24. Bxe4 Rxe4 25.
Nf5 Re6 26. Kg2 Rde8 27. Qf4 Qxb2 28. R1c2 Qxa3 29. Rxc6 bxc6 30. Qg4 Rg6 31. Qf3 Qxf3+ 0-1

[Event "*** Titled Tuesday Blitz"]
[Site "Chess.com"]
[Date "2021.04.06"]
[Round "4"]
[White "erdni1993"]
[Black "Firegrizzly"]
[Result "1-0"]
[WhiteElo "2501"]
[BlackElo "2614"]
[TimeControl "180+1"]
[EndTime "10:38:48 PDT"]
[Termination "erdni1993 won by resignation"]

1. e4 e6 2. d4 d5 3. Nc3 Be7 4. Nf3 Nf6 5. exd5 exd5 6. Bg5 O-O 7. Qd2 h6 8. Bf4 Ne4 9. Nxe4 dxe4 10. Ne5 Be6 11.
c4 Nc6 12. Nxc6 bxc6 13. Be2 Qd7 14. O-O Rad8 15. Rfd1 g5 16. Be3 f5 17. f4 exf3 18. Bxf3 f4 19. Bf2 Bxc4 20. Qc2 Bf7 21. Bxc6 Qd6 22.
Rac1 Bf6 23. d5 Qe5 24. Bd4 Qxd4+ 25. Rxd4 Bxd4+ 26. Kh1 Kg7 27. Rd1 Bb6 28. h3 Bg6 29.
Qc3+ Kh7 30. b4 Rd6 31. Bb5 f3 32. gxf3 Rdf6 33. Rf1 Bh5 34. Bd3+ Kg7 35. Be4 Re8 36. Kg2 Kf7 37. a4 a6 38. a5 Ba7 39. Qxc7+ Re7 40. d6 Rxc7 41. dxc7 Rxf3 42. Bxf3 Bxf3+ 43. Rxf3+ 1-0

[Event "*** Titled Tuesday Blitz"]
[Site "Chess.com"]
[Date "2021.04.06"]
[Round "4"]
[White "Tactictic"]
[Black "FMnotanIM"]
[Result "1-0"]
[WhiteElo "2461"]
[BlackElo "2587"]
[TimeControl "180+1"]
[EndTime "10:38:48 PDT"]
[Termination "Tactictic won by resignation"]

1. e4 c5 2. Nf3 d6 3. d4 cxd4 4. Nxd4 Nf6 5. Nc3 a6 6. Be3 e5 7. Nf3 Be7 8. Bc4 Qc7 9. Bb3 O-O 10. O-O Nbd7 11. Bg5 b5 12. Nd5 Qd8 13. Bxf6 Nxf6 14. Qd3 Be6 15. Rfd1 Bxd5 16. Bxd5 Nxd5 17. Qxd5 Qc7 18. c3 Rac8 19. Nd2 Qc6 20. Nf1 Qxd5 21. Rxd5 f5 22. exf5 Rxf5 23. Ne3 Rff8 24. Rad1 Rc6 25. R5d3 Kf7 26. Nd5 Ke6 27. Nb4 Rb6 28. Nd5 Rb7 29.
Nxe7 Kxe7 30. Rxd6 Rf6 31. Rxf6 gxf6 32. Rd3 Ke6 33.
f3 f5 34. Kf2 b4 35. cxb4 Rxb4 36. Rb3 Rxb3 37. axb3 Kd5 38. Ke3 Kc5 39. Kd3 h5 40. Kc3 a5 41. g3 e4 42. fxe4 fxe4 43. h3 Kd5 44. Kd2 Kd4 45. g4 hxg4 46. hxg4 e3+ 47. Ke2 Ke4 48. g5 Kf5 49. Kxe3 Kxg5 50. Kd4 Kf4 51. Kc5 Ke3 52. Kb5 Kd3 53. Kxa5 Kc2 54.
b4 Kb3 55. b5 1-0

[Event "*** Titled Tuesday Blitz"]
[Site "Chess.com"]
[Date "2021.04.06"]
[Round "4"]
[White "IANOV0007"]
[Black "Fortitudine"]
[Result "1-0"]
[WhiteElo "2470"]
[BlackElo "2277"]
[TimeControl "180+1"]
[EndTime "10:38:52 PDT"]
[Termination "IANOV0007 won on time"]

1. Nf3 Nf6 2. g3 c5 3. Bg2 g6 4. b3 Bg7 5. Bb2 O-O 6. c4 Nc6 7. O-O b6 8. d4 cxd4 9. Nxd4 Bb7 10. Nc2 Na5 11. Bxb7 Nxb7 12. Nc3 Nc5 13. Ne3 d6 14. Qc2 Rc8 15. Rfd1 Qd7 16. Kg2 a6 17. Ncd5 Nxd5 18. Nxd5 Bxb2 19. Qxb2 b5 20. Rac1 Qb7 21. f3 f6 22. h4 Ne6 23. cxb5 axb5 24. e4 Kf7 25. h5 Rxc1 26. Qxc1 g5 27. Qb1 Kg7 28. h6+ Kh8 29.
Rc1 Nc5 30. b4 Na4 31. Rc7 Qa8 32. Rxe7 Qc6 33. e5 f5 34. Nf6 1-0

[Event "*** Titled Tuesday Blitz"]
[Site "Chess.com"]
[Date "2021.04.06"]
[Round "4"]
[White "AAponteR"]
[Black "Romadk"]
[Result "1/2-1/2"]
[WhiteElo "2143"]
[BlackElo "2341"]
[TimeControl "180+1"]
[EndTime "10:38:52 PDT"]
[Termination "Game drawn by repetition"]

1. e4 c5 2. a3 g6 3. Nc3 Bg7 4.
Rb1 Nc6 5. b4 d6 6. Nf3 Nh6 7.
h4 f5 8. h5 Bxc3 9. dxc3 fxe4 10. Bxh6 exf3 11. Bg7 Rg8 12. hxg6 hxg6 13. Qxf3 Bf5 14.
Bd3 Qd7 15. Rh7 Qe6+ 16. Kf1 c4 17. Bxf5 Qxf5 18. Qxf5 gxf5 19. b5 Nd8 20. Re1 e5 21.
Bxe5 Nf7 22. Bf6+ Kf8 23. Be7+ Ke8 24. Bf6+ Kf8 25. Be7+ Ke8 26. Bf6+ Kf8 1/2-1/2

[Event "*** Titled Tuesday Blitz"]
[Site "Chess.com"]
[Date "2021.04.06"]
[Round "4"]
[White "Dyadya81"]
[Black "RD4ever"]
[Result "1-0"]
[WhiteElo "2728"]
[BlackElo "2879"]
[TimeControl "180+1"]
[EndTime "10:38:55 PDT"]
[Termination "Dyadya81 won by resignation"]

1. e4 e6 2. d4 d5 3. Nc3 Nf6 4. Bg5 dxe4 5. Nxe4 Nbd7 6. Nf3 h6 7. Nxf6+ Nxf6 8. Be3 Nd5 9. Bd2 c5 10. c4 Nf6 11.
Bd3 cxd4 12. Qe2 Be7 13. O-O-O Qb6 14. Bf4 Bd7 15. Kb1 O-O-O 16. Ne5 Rhf8 17. c5 Qa5 18. c6 Bxc6 19. Rc1 Nd5 20. Bg3 Bg5 21. Rxc6+ bxc6 22. Ba6+ 1-0

[Event "*** Titled Tuesday Blitz"]
[Site "Chess.com"]
[Date "2021.04.06"]
[Round "4"]
[White "Valeron87"]
[Black "biostatistician"]
[Result "0-1"]
[WhiteElo "2342"]
[BlackElo "2622"]
[TimeControl "180+1"]
[EndTime "10:38:55 PDT"]
[Termination "biostatistician won on time"]

1. e4 e6 2. d4 d5 3. Nc3 Nc6 4.
exd5 exd5 5. Nf3 Nf6 6. Bd3 Be7 7. h3 O-O 8. O-O Nb4 9. Be2 Bf5 10. Bd3 Nxd3 11. cxd3 c6 12. Ne5 Nd7 13. Re1 f6 14.
Nf3 Bd6 15. Nh4 Bg6 16. Nxg6 hxg6 17. Qg4 Re8 18. Bd2 Nf8 19. Rxe8 Qxe8 20. Re1 Qd7 21.
Qxd7 Nxd7 22. Re6 Bf8 23. Bf4 Kf7 24. Re1 Re8 25. Kf1 Rxe1+ 26. Kxe1 g5 27. Bc7 f5 28. g4 g6 29. Ne2 Be7 30. Kd2 Ke6 31. a3 Bf6 32. f3 c5 33. b4 cxb4 34. axb4 Nf8 35. Kc2 Kd7 36. Bb8 a6 37. Kb3 Ne6 38. Ba7 Kc6 39.
Ka4 b6 40. Bb8 Nxd4 41. Nxd4+ Bxd4 42. Bg3 Be3 43. Be1 b5+ 0-1

[Event "*** Titled Tuesday Blitz"]
[Site "Chess.com"]
[Date "2021.04.06"]
[Round "4"]
[White "onnoelgersma"]
[Black "Sanyura"]
[Result "0-1"]
[WhiteElo "2427"]
[BlackElo "2601"]
[TimeControl "180+1"]
[EndTime "10:38:57 PDT"]
[Termination "Sanyura won on time"]

1. d4 Nf6 2. Nf3 g6 3. Bg5 Bg7 4. e3 d6 5. Nbd2 O-O 6. Be2 Nbd7 7. O-O c5 8. c3 b6 9. a4 a6 10. h3 Bb7 11. Re1 Rc8 12. Bd3 e5 13. Ne4 Qe7 14.
b4 cxb4 15. cxb4 h6 16. Nxf6+ Nxf6 17. Bxf6 Bxf6 18. dxe5 dxe5 19. e4 Qxb4 20. Qe2 a5 21. Rab1 Qd6 22. Qe3 Rc5 23. Bf1 Kg7 24. Red1 Qc7 25.
Bb5 Rd8 26. Rxd8 Qxd8 27. Ne1 Bg5 28. Qe2 Qd4 29. Nd3 Bxe4 30. Nxc5 Bxb1 31. Nd7 e4 32.
g3 Bd3 0-1

[Event "*** Titled Tuesday Blitz"]
[Site "Chess.com"]
[Date "2021.04.06"]
[Round "4"]
[White "bilelou"]
[Black "SHIVACalypso"]
[Result "1-0"]
[WhiteElo "2564"]
[BlackElo "2400"]
[TimeControl "180+1"]
[EndTime "10:38:59 PDT"]
[Termination "bilelou won on time"]

1. d4 e6 2. c4 Nf6 3. Nc3 Bb4 4. Bg5 c5 5. d5 exd5 6. cxd5 d6 7. e3 h6 8. Bh4 O-O 9. Bd3 Re8 10. Ne2 Nbd7 11.
O-O Ne5 12. Bc2 Ng6 13. Bg3 b6 14. a3 Ba5 15. Rb1 b5 16. Nxb5 Ba6 17. Nxd6 Re7 18. b4 cxb4 19. axb4 Bb6 20. b5 Bb7 21. Nxb7 Rxb7 22.
Bxg6 fxg6 23. d6 Rd7 24. Qb3+ Kh7 25. Rfd1 Rc8 26. h3 Ne4 27. Qd5 Qe8 28. Kh2 Rc2 29.
Qd3 Rc5 30. Rb4 Nxg3 31. Nxg3 Re5 32. Re4 Bc5 33. Rxe5 Qxe5 34. Qe4 Qf6 35. Qf4 Rxd6 36. Qxf6 Rxf6 37. Ne4 Rf5 38. Rd7 Bb6 39. g4 1-0

[Event "*** Titled Tuesday Blitz"]
[Site "Chess.com"]
[Date "2021.04.06"]
[Round "4"]
[White "Orzechowski_Jacek"]
[Black "banane_verte"]
[Result "1/2-1/2"]
[WhiteElo "2218"]
[BlackElo "2423"]
[TimeControl "180+1"]
[EndTime "10:39:00 PDT"]
[Termination "Game drawn - insufficient material"]

1. c4 Nf6 2. Nc3 e6 3. e4 d5 4. exd5 exd5 5. d4 dxc4 6. Bxc4 Bd6 7. Nf3 Bg4 8. O-O O-O 9. h3 Bh5 10. g4 Bg6 11. Ne5 Nbd7 12. f4 Nb6 13. Bb3 Bxe5 14. dxe5 Ne4 15. Qxd8 Raxd8 16. f5 Nxc3 17. bxc3 Nd5 18.
fxg6 hxg6 19. Bxd5 Rxd5 20. Bf4 Rfd8 21. Kg2 Rd3 22. Rf3 Rxf3 23. Kxf3 Rd3+ 24. Ke4 Rxc3 25. Rd1 Rxh3 26. Rd7 Rc3 27. e6 fxe6 28. Be5 Rc4+ 29. Kd3 Rxg4 30. Rxg7+ Kf8 31. Rxc7 Ra4 32. Rxb7 Rxa2 33.
Ke4 a5 34. Bd6+ Ke8 35. Ke5 Re2+ 36. Kf6 a4 37. Rh7 Re3 38. Re7+ Kd8 39. Rxe6 Rf3+ 40.
Kxg6 Kd7 41. Re4 a3 42. Bxa3 Rd3 43. Rc4 Ke6 44. Rc6+ Kd7 45. Rd6+ Rxd6+ 46. Bxd6 1/2-1/2

[Event "*** Titled Tuesday Blitz"]
[Site "Chess.com"]
[Date "2021.04.06"]
[Round "4"]
[White "lucachess49"]
[Black "politeplayer"]
[Result "0-1"]
[WhiteElo "2431"]
[BlackElo "2259"]
[TimeControl "180+1"]
[EndTime "10:39:01 PDT"]
[Termination "politeplayer won on time"]

1. d4 d5 2. c4 e6 3. Nc3 Bb4 4. Nf3 Nf6 5. Bg5 dxc4 6. e3 b5 7. a4 Nbd7 8. axb5 Nb6 9. Be2 Bb7 10. O-O h6 11. Bh4 Bxc3 12. bxc3 g5 13. Bg3 Ne4 14.
Qc2 h5 15. h4 g4 16. Ne5 Qd5 17. Nc6 f5 18. Bxc7 Qxb5 19. Nb4 a5 20. Bxb6 axb4 21.
Rxa8+ Bxa8 22. Bc7 b3 23. Qb2 Qc6 24. Be5 O-O 25. f3 Nf6 26. Ra1 Nd5 27. Kf2 f4 28. e4 g3+ 0-1

[Event "*** Titled Tuesday Blitz"]
[Site "Chess.com"]
[Date "2021.04.06"]
[Round "4"]
[White "Lenyas66"]
[Black "GregShahade"]
[Result "0-1"]
[WhiteElo "2516"]
[BlackElo "2712"]
[TimeControl "180+1"]
[EndTime "10:39:05 PDT"]
[Termination "GregShahade won by resignation"]

1. e4 e5 2. Nf3 Nc6 3. Bb5 a6 4. Ba4 Nf6 5. O-O Be7 6. Bxc6 dxc6 7. d3 Bd6 8. Nbd2 Qe7 9. Nc4 Bg4 10. h3 Bh5 11. b3 Nd7 12. g4 Bg6 13. Bg5 f6 14. Be3 O-O-O 15. Nh4 Nf8 16. Qf3 Ne6 17.
Nf5 Bxf5 18. exf5 Nf8 19. Rae1 h5 20. Kg2 Nd7 21. d4 hxg4 22. hxg4 e4 23. Nxd6+ cxd6 24. Qg3 d5 25. Rh1 Rdg8 26. a4 Nf8 27. c4 Qd7 28. Rc1 g6 29. Rxh8 Rxh8 30. cxd5 Qxd5 31. Rc5 Qd7 32. d5 Qh7 33. Kf1 Qh1+ 34. Ke2 Qb1 35.
dxc6 Qd3+ 36. Ke1 Rh1+ 0-1

[Event "*** Titled Tuesday Blitz"]
[Site "Chess.com"]
[Date "2021.04.06"]
[Round "4"]
[White "zurzan"]
[Black "Pawnpusherschessaccademy"]
[Result "1-0"]
[WhiteElo "1994"]
[BlackElo "2231"]
[TimeControl "180+1"]
[EndTime "10:39:06 PDT"]
[Termination "zurzan won by resignation"]

1. f4 g6 2. Nf3 Bg7 3. g3 Nf6 4. Bg2 Ng8 5. O-O Nf6 6. d3 d6 7.
e4 O-O 8. c3 b6 9. h3 Bb7 10. Be3 Nbd7 11. Nbd2 a5 12. a4 Nc5 13. Bxc5 dxc5 14. Qc2 Ba6 15. c4 Nh5 16. Kh2 Bb7 17. e5 f6 18. e6 f5 19. Rad1 Qd6 20. Rfe1 Rad8 21. Nb1 Rf6 22. Ng5 Bxg2 23. Qxg2 Qd4 24. Nc3 h6 25. Nf7 Rxf7 26. exf7+ Kxf7 27. Nd5 Rd7 28.
Qe2 Qxb2 29. Rd2 Qd4 30. Qe6+ Ke8 31. Qg8+ Bf8 32. Qxg6+ Kd8 33. Qxh5 c6 34. Nxb6 Rb7 35. Qxf5 Rxb6 36. Qxf8+ Kd7 37. Rxe7+ Kd6 38. Re4+ 1-0

[Event "*** Titled Tuesday Blitz"]
[Site "Chess.com"]
[Date "2021.04.06"]
[Round "4"]
[White "VladaSviridova"]
[Black "Annagozel"]
[Result "1-0"]
[WhiteElo "2224"]
[BlackElo "1812"]
[TimeControl "180+1"]
[EndTime "10:39:06 PDT"]
[Termination "VladaSviridova won on time"]

1. d4 d5 2. c4 c6 3. Nf3 Nf6 4. Nc3 e6 5. e3 dxc4 6. Bxc4 b5 7.
Bd3 Bb7 8. O-O a6 9. a4 b4 10. Ne4 Nxe4 11. Bxe4 Nd7 12. Qc2 Qb6 13. b3 Bd6 14.
Bb2 f5 15. Bd3 O-O 16. Nd2 Qc7 17. f4 c5 18. Nc4 Be7 19. Ne5 Rac8 20. Rac1 Qd6 21.
Qe2 Rfd8 22. Bc4 Nxe5 23. fxe5 Qb6 24. Rxf5 cxd4 25. Bxd4 Rxd4 26. exd4 Rxc4 27. Qxc4 g6 28. Rf2 1-0

[Event "*** Titled Tuesday Blitz"]
[Site "Chess.com"]
[Date "2021.04.06"]
[Round "4"]
[White "muchojogo"]
[Black "KafkaesqueKnight"]
[Result "1-0"]
[WhiteElo "2444"]
[BlackElo "2238"]
[TimeControl "180+1"]
[EndTime "10:39:07 PDT"]
[Termination "muchojogo won on time"]

1. d4 Nf6 2. Bf4 g6 3. e3 Bg7 4. Nf3 O-O 5. Be2 d6 6. h3 c5 7. c3 Be6 8. Nbd2 Qb6 9. Qc1 Rc8 10. O-O Nc6 11. Nc4 Qd8 12. dxc5 dxc5 13. Rd1 Qf8 14. Nfe5 Nd5 15. Nxc6 Rxc6 16. Be5 b5 17. Bxg7 Qxg7 18. Na5 Rb6 19. e4 Nf6 20. Qe3 Rc8 21. Nb3 Nd7 22.
f4 a6 23. Rd2 Rbc6 24. Rad1 Nf8 25. Rd8 Bxb3 26. axb3 Qf6 27. e5 Qh4 28. Bg4 Rxd8 29.
Rxd8 Rc7 30. Qd2 e6 31. Qd6 Qe7 32. Bf3 Qxd6 33. exd6 Ra7 34. Bc6 Kg7 35. d7 e5 36.
Rxf8 1-0

[Event "*** Titled Tuesday Blitz"]
[Site "Chess.com"]
[Date "2021.04.06"]
[Round "4"]
[White "INDIAN-ELEPHANT"]
[Black "Angry_Twin"]
[Result "0-1"]
[WhiteElo "2702"]
[BlackElo "2881"]
[TimeControl "180+1"]
[EndTime "10:39:08 PDT"]
[Termination "Angry_Twin won by resignation"]

1. d4 Nf6 2. Nf3 d5 3. c4 e6 4. g3 dxc4 5. Bg2 a6 6. O-O Nc6 7. e3 Rb8 8. Qe2 b5 9. Rd1 Bd6 10. e4 Be7 11. Nc3 O-O 12. d5 exd5 13. e5 d4 14.
exf6 Bxf6 15. Bf4 Re8 16. Ne4 Be7 17. Ne5 Nxe5 18. Bxe5 d3 19. Qe3 Bd6 20. Bxd6 cxd6 21. Qd4 Bb7 22. Nxd6 Bxg2 23. Kxg2 Qd7 24. Qf4 Re2 25. Nf5 Rbe8 26. Qg4 Qc6+ 27. Kg1 Qf6 28. b3 g6 29. bxc4 bxc4 30. Qxc4 Qxf5 31. Rf1 d2 32. Rad1 Qf3 33. Qxa6 Rxf2 34. Rxf2 Qxd1+ 35. Rf1 Qxf1+ 0-1